 Dungeon Crawl Stone Soup version 0.19.5 (webtiles) character file.

144 Peloso the Covered (level 5, -1/46 HPs)
             Began as a Minotaur Fighter on Mar 23, 2017.
             Slain by Purgy (5 damage)
             ... on level 3 of the Dungeon.
             The game lasted 00:02:57 (1217 turns).

Peloso the Covered (Minotaur Fighter)               Turns: 1217, Time: 00:02:58

Health: -1/46      AC:  7    Str: 26    XL:     5   Next: 5%
Magic:  4/4        EV:  8    Int:  5    God:
Gold:   33         SH: 10    Dex: 10    Spells: 0 memorised, 4 levels left

rFire  . . .     SeeInvis .     a - +0 long sword
rCold  . . .     Gourm    .     b - +0 scale mail
rNeg   . . .     Faith    .     c - +0 shield
rPois  .         Spirit   .     (helmet restricted)
rElec  .         Reflect  .     (no cloak)
rCorr  .         Harm     .     (no gloves)
MR     .....                    (no boots)
Stlth  ..........               (no amulet)
                                (no ring)
                                (no ring)

@: mighty
A: retaliatory headbutt, horns 2
a: no special abilities


You were on level 3 of the Dungeon.
You were not hungry.

You visited 1 branch of the dungeon, and saw 3 of its levels.

You collected 33 gold pieces.

Inventory:

Hand Weapons
 a - a +0 long sword (weapon)
Armour
 b - a +0 scale mail (worn)
 c - a +0 shield (worn)
Jewellery
 i - a cursed ring of loudness {unknown}
Scrolls
 e - 2 scrolls of remove curse {unknown}
 g - 3 scrolls of identify {unknown}
 m - a scroll of fear {unknown}
 n - a scroll of teleportation {unknown}
Potions
 h - 2 potions of beneficial mutation {unknown}
 k - a potion of ambrosia {unknown}
 l - a potion of haste {unknown}
Comestibles
 f - 2 bread rations
 o - a beef jerky


   Skills:
 + Level 4.2 Fighting
 + Level 3.5 Long Blades
 + Level 5.0 Armour
 + Level 1.5 Dodging
 + Level 0.3 Stealth
 + Level 4.3 Shields


You had 4 spell levels left.
You didn't know any spells.

Dungeon Overview and Level Annotations

Branches:
Dungeon (3/15)

Altars:

Annotations:
D:3 Purgy


Innate Abilities, Weirdness & Mutations

You reflexively headbutt those who attack you in melee.
You have a pair of horns on your head.


Message History

* * * LOW HITPOINT WARNING * * *
Purgy completely misses you. Purgy bites you.
* * * LOW HITPOINT WARNING * * *
Purgy claws you but does no damage. x2
You miss Purgy. Your headbutt misses Purgy. You block Purgy's attack. x2
Purgy claws you but does no damage.
You closely miss Purgy. You headbutt Purgy!
Purgy is moderately wounded.
Purgy bites you.
* * * LOW HITPOINT WARNING * * *
Purgy claws you but does no damage. x2
You barely miss Purgy.
Purgy is lightly wounded.
You block Purgy's attack. x2; Purgy claws you but does no damage.
Purgy bites you but does no damage. Purgy claws you but does no damage.
You block Purgy's attack.
You barely miss Purgy.
Purgy is lightly wounded.
Purgy bites you.
You die...

.... #.#
#...##.###
#........#
#........#
#......(.#
###..o.....#
...o.......#
##....##T###
..... #@#
o... #.# ##.
### #


You could see Purgy.

Vanquished Creatures
  2 orc wizards (D:3)
  2 adders (D:2)
  An ooze (D:1)
  A dart slug (D:1)
  A worm (D:2)
  2 leopard geckos
  An orc (D:3)
  6 bats
  A giant cockroach (D:1)
  5 goblins
  6 hobgoblins
  7 jackals
  13 kobolds
  A quokka (D:2)
  A ball python (D:2)
  A frilled lizard (D:3)
  6 rats
57 creatures vanquished.

Notes
Turn   | Place    | Note
-------+----------+-------------------------------------------
     0 | D:1      | Peloso the Minotaur Fighter began the quest for the Orb.
     0 | D:1      | Reached XP level 1. HP: 19/19 MP: 0/0
    53 | D:1      | Reached skill level 4 in Armour
    55 | D:1      | Reached XP level 2. HP: 18/27 MP: 1/1
   224 | D:1      | Reached XP level 3. HP: 33/33 MP: 2/2
   671 | D:2      | Reached skill level 1 in Dodging
   886 | D:2      | Reached XP level 4. HP: 28/40 MP: 3/3
  1207 | D:3      | Noticed Purgy
  1210 | D:3      | Reached skill level 5 in Armour
  1210 | D:3      | Reached XP level 5. HP: 10/46 MP: 4/4
  1217 | D:3      | Slain by Purgy

Skill      XL: |  1  2  3  4 |
---------------+-------------+-----
Armour         | 4 5 |  5.0
Shields        | 4 |  4.3
Long Blades    | 3 |  3.5
Dodging        | 1 |  1.5
Fighting       | 4 |  4.2
Stealth        | |  0.3

Action                   |  1- 3 |  4- 6 || total
-------------------------+-------+-------++-------
Melee: Long sword        |   106 |    40 ||   146
       Headbutt          |    16 |     6 ||    22
  Use: Potion            |       |     1 ||     1
  Eat: Chunk             |       |     1 ||     1
Armor: Scale mail        |    64 |    20 ||    84
Dodge: Dodged            |    38 |    11 ||    49
Block: Shield            |    76 |    23 ||    99
       Rpst.: Long sword |    11 |     1 ||    12
